 Zot Defence DCSS version 0.15.2 (webtiles) character file.

221708 hexophile the Reanimator (level 17, -16/150 (151) HPs)
             Began as a Ghoul Necromancer on Mar 27, 2016.
             Was a High Priest of Kikubaaqudgha.
             Demolished by Mara (illusionary)
             ... wielding a +4 demon blade of electrocution
              (28 damage)
             ... in the Realm of Zot (Scenario II: Battle Heart).
             The game lasted 00:23:12 (4714 turns).

hexophile the Reanimator (Ghoul Necromancer)        Turns: 4714, Time: 00:23:12

HP -16/150 (151) AC  8     Str 14      XL: 17   Next: 70%
MP   3/34        EV 13     Int 15      God: Kikubaaqudgha [*****.]
Gold 12          SH  0     Dex  9      Spells:  5 memorised, 21 levels left

rFire  . . .     SeeInvis .     m - +4 war axe (drain)
rCold  + . .     Clarity  .     o - +0 mottled dragon armour {rSticky}
rNeg   + + +     rCorr    .     (no shield)
rPois  +         rRot     +     (no helmet)
rElec  .         Spirit   .     l - +1 cloak
SustAb .         Warding  .     (no gloves)
rMut   .         Stasis   .     (no boots)
Saprov + + +                    (no amulet)
MR     +....                    (no ring)
                                (no ring)

@: regenerating, rotting, somewhat resistant to hostile enchantments, very
unstealthy
A: rotting body, claws 1, carnivore 3, cold resistance 1, negative energy
resistance 3, poison resistance, saprovore 3, slow healing 1, torment
resistance, unbreathing
a: Make oklob sapling, Make arrow trap, Make plant, Remove Curse, Make burning
bush, Make altar, Make grenades, Make oklob plant, Make net trap, Make ice
statue, Make spear trap, Make alarm trap, Make mushroom circle, Make bolt trap,
Make crystal statue, Make needle trap, Zot-teleport, Make water, Receive
Corpses, Torment, Renounce Religion
}: 4/15 runes: iron, magical, fiery, dark


You were in the Realm of Zot.
You worshipped Kikubaaqudgha.
Kikubaaqudgha was extremely pleased with you.
You were not hungry.

You visited 1 branch You collected 12 gold pieces.


Innate Abilities, Weirdness & Mutations

Your body is rotting away.
You have sharp fingernails.
You are carnivorous and can eat meat at any time.
Your flesh is cold resistant.
You are immune to negative energy.
Your system is resistant to poisons.
You thrive on rotten meat.
You heal slowly when monsters are visible.
You are immune to unholy pain and torment.
You can survive without breathing.

Inventory:

Hand weapons
 m - a +4 war axe of draining (weapon)
Armour
 l - a +1 cloak (worn)
 o - a +0 mottled dragon armour (worn) {rSticky}
Magical devices
 k - a wand of teleportation (0) {!V}
Scrolls
 h - a scroll of blinking
Potions
 c - 3 potions of curing
 d - a potion of heal wounds
 e - a potion of haste
 f - 2 potions of magic
Books
 b - a book of Necromancy

   Spells                             Type                      Level
   *Pain                              Necromancy                   1
   Animate Skeleton                   Necromancy                   1
   Vampiric Draining                  Necromancy                   3
   *Regeneration                      Charms/Necromancy            3
   *Animate Dead                      Necromancy                   4
   Control Undead                     Necromancy                   4
 g - Kikubaaqudgha's Collected Works on Black Secrets
   (Kikubaaqudgha gifted it to you in the Realm of Zot)

   Spells                             Type                      Level
   Animate Skeleton                   Necromancy                   1
   *Pain                              Necromancy                   1
   Corpse Rot                         Necromancy                   2
   *Regeneration                      Charms/Necromancy            3
   Control Undead                     Necromancy                   4
 j - Kikubaaqudgha's Incunabulum of Stolen Souls
   (Kikubaaqudgha gifted it to you in the Realm of Zot)

   Spells                             Type                      Level
   Excruciating Wounds                Charms/Necromancy            5
   Bolt of Draining                   Conjuration/Necromancy       5
   Agony                              Necromancy                   5
   *Dispel Undead                     Necromancy                   5
   *Twisted Resurrection              Necromancy                   5


You had 21 spell levels left.
You knew the following spells:

 Your Spells              Type           Power        Failure   Level  Hunger
a - Pain                  Necr           ####         1%          1    None
b - Regeneration          Chrm/Necr      #####.....   1%          3    None
c - Animate Dead          Necr           N/A          1%          4    ###....
d - Dispel Undead         Necr           ######..     1%          5    ####...
e - Twisted Resurrection  Necr           ######....   1%          5    ####...


   Skills:
 * Level 13.9 Fighting
 * Level 10.5 Axes
 - Level 8.5 Dodging
 - Level 2.1 Stealth
 - Level 12.6 Unarmed Combat
 * Level 11.6 Spellcasting
 - Level 11.0 Charms
 - Level 13.9 Necromancy

Dungeon Overview and Level Annotations

Branches:
    Zot (1/1)

Altars:
Kikubaaqudgha

Annotations:
Zot Mara

Vault maps used:
Zot:      zotvault2
You       could see 3 Maras, a griffon, an ogre mage, 2 fire crabs, a cyclops, a
          large abomination, 2 red wasps, a raven, 3 two-headed ogres, 2 tengu
          conjurers, 2 wyverns, an ogre, 3 centaurs, hexophile's illusion and a
          friendly orc zombie.


Message History

You are too injured to fight recklessly!
You slash the ogre!
You kill the ogre!
Kikubaaqudgha accepts your kill.
You slash the ogre!
The ogre is almost dead.
You hit Mara.
Mara is severely wounded.
The tengu conjurer seems less drained.
Mara misses you.
The fire crab bites your yaktaur zombie.
Your yaktaur zombie is engulfed in flames!
The fire crab claws your yaktaur zombie.
Your yaktaur zombie is engulfed in flames!
Your yaktaur zombie barely misses the fire crab.
Your orc zombie hits the fire crab.
The tengu conjurer mumbles some strange words.
The tengu conjurer conjures a globe of magical energy!
A centaur comes into view.
You slash the ogre!
You kill the ogre!
Kikubaaqudgha accepts your kill.
You miss Mara.
Mara is severely wounded.
The fire crab bites your yaktaur zombie.
Your yaktaur zombie is engulfed in flames!
The fire crab claws your yaktaur zombie!
Your yaktaur zombie is destroyed!
Mara hits you with a demon blade of electrocution!!
* * * LOW HITPOINT WARNING * * *
You are electrocuted!
* * * LOW HITPOINT WARNING * * *
Your orc zombie hits the fire crab but does no damage.
A centaur comes into view.
The fire crab seems less drained.
The red wasp seems less drained.
The ogre mage mumbles some strange words.
The ogre mage blinks!
Your orc zombie hits the fire crab.
Items here: ( ))))) [ You slash the griffon!
You drain the griffon!
The griffon is moderately wounded.
You hit Mara but do no damage.
Mara is heavily wounded.
You slash the ogre mage!
The ogre mage is lightly wounded.
You slash the fire crab!
The fire crab is heavily wounded.
Mara blinks!
The ogre mage hits you!
* * * LOW HITPOINT WARNING * * *
Mara hits you with a demon blade of electrocution!!
You die...
Kikubaaqudgha rasps: "You have failed me!
Welcome... oblivion!"

Action                   |  1- 3 |  4- 6 |  7- 9 | 10-12 | 13-15 | 16-18 || total
-------------------------+-------+-------+-------+-------+-------+-------++-------
Melee: Unarmed           |    81 |    78 |   151 |   412 |   359 |    54 ||  1135
       War axe           |       |       |       |       |       |   218 ||   218
 Cast: Animate Dead      |       |     3 |    15 |    15 |    49 |    28 ||   110
       Regeneration      |       |     1 |       |     2 |    10 |    12 ||    25
       Twisted Resurrect |       |       |       |       |     4 |     3 ||     7
Invok: Receive Corpses   |       |       |     1 |     1 |    18 |    12 ||    32
       Torment           |       |       |       |       |       |     1 ||     1
 Abil: Make altar        |       |     1 |       |       |       |       ||     1
  Use: Potion            |       |       |       |       |     1 |       ||     1
 Stab: Distracted        |       |       |       |     2 |     9 |     4 ||    15
       Fleeing           |       |       |       |     2 |       |       ||     2
  Eat: Chunk             |     3 |       |       |       |    12 |       ||    15

Notes
Turn   | Place    | Note
--------------------------------------------------------------
     0 | Zot      | hexophile, the Ghoul Necromancer, began the quest for the Orb.
     0 | Zot      | Reached XP level 1. HP: 14/14 MP: 2/2
   253 | Zot      | Reached skill level 1 in Unarmed Combat
   261 | Zot      | Reached XP level 2. HP: 19/19 MP: 3/3
   277 | Zot      | Reached skill level 2 in Unarmed Combat
   295 | Zot      | Reached XP level 3. HP: 25/25 MP: 5/5
   403 | Zot      | Noticed Cridaem
   422 | Zot      | Killed Cridaem the giant frog
   422 | Zot      | Reached skill level 4 in Unarmed Combat
   422 | Zot      | Reached XP level 4. HP: 30/33 MP: 5/5
   422 | Zot      | Reached XP level 5. HP: 34/38 MP: 6/6
   501 | Zot      | Reached skill level 5 in Unarmed Combat
   508 | Zot      | Reached skill level 5 in Necromancy
   508 | Zot      | Reached XP level 6. HP: 44/44 MP: 8/8
   522 | Zot      | Learned a level 3 spell: Regeneration
   526 | Zot      | Noticed Jessica
   527 | Zot      | Learned a level 4 spell: Animate Dead
   556 | Zot      | Killed Jessica
   718 | Zot      | Reached skill level 6 in Unarmed Combat
   756 | Zot      | Got a dark rune of Zot
   786 | Zot      | Became a worshipper of Kikubaaqudgha
   800 | Zot      | Reached XP level 7. HP: 49/49 MP: 7/8
   930 | Zot      | Noticed Batt
   953 | Zot      | Killed Batt the hill giant
   953 | Zot      | Reached skill level 4 in Fighting
   953 | Zot      | Reached skill level 8 in Unarmed Combat
   953 | Zot      | Reached skill level 3 in Spellcasting
   953 | Zot      | Reached skill level 6 in Necromancy
   953 | Zot      | Reached XP level 8. HP: 54/65 MP: 9/15
  1022 | Zot      | Reached XP level 9. HP: 68/70 MP: 11/17
  1037 | Zot      | Acquired Kikubaaqudgha's first power
  1037 | Zot      | Received a gift from Kikubaaqudgha
  1038 | Zot      | Identified Kikubaaqudgha's Collected Works on Black Secrets (Kikubaaqudgha gifted it to you in the Realm of Zot)
  1093 | Zot      | Reached skill level 7 in Necromancy
  1126 | Zot      | Noticed Edmund
  1130 | Zot      | Reached skill level 4 in Spellcasting
  1248 | Zot      | Reached skill level 5 in Fighting
  1275 | Zot      | Killed Edmund
  1355 | Zot      | Reached skill level 9 in Unarmed Combat
  1443 | Zot      | Reached skill level 5 in Spellcasting
  1443 | Zot      | Reached skill level 8 in Necromancy
  1473 | Zot      | Reached skill level 6 in Fighting
  1473 | Zot      | Reached XP level 10. HP: 27/80 MP: 13/21
  1594 | Zot      | Noticed an eidolon
  1613 | Zot      | Noticed an eidolon
  1616 | Zot      | Noticed an eidolon
  1656 | Zot      | Killed an eidolon
  1656 | Zot      | Reached skill level 7 in Fighting
  1656 | Zot      | Reached skill level 2 in Charms
  1678 | Zot      | Killed an eidolon
  1678 | Zot      | Reached skill level 10 in Unarmed Combat
  1678 | Zot      | Reached skill level 6 in Spellcasting
  1678 | Zot      | Reached skill level 3 in Charms
  1678 | Zot      | Reached skill level 9 in Necromancy
  1678 | Zot      | Reached XP level 11. HP: 76/90 MP: 20/23
  1774 | Zot      | Killed an eidolon
  1774 | Zot      | Reached skill level 8 in Fighting
  1774 | Zot      | Reached skill level 4 in Charms
  1835 | Zot      | Noticed Maurice
  1884 | Zot      | Noticed a tentacled monstrosity
  1886 | Zot      | Noticed a red draconian annihilator
  1886 | Zot      | Killed Maurice
  1890 | Zot      | Noticed an ice dragon
  1903 | Zot      | Noticed Snorg
  1911 | Zot      | Noticed a hill giant
  1917 | Zot      | Reached skill level 7 in Spellcasting
  1923 | Zot      | Noticed a hill giant
  1925 | Zot      | Noticed a deep troll
  1946 | Zot      | Killed a deep troll
  1946 | Zot      | Acquired Kikubaaqudgha's second power
  1946 | Zot      | Reached skill level 11 in Unarmed Combat
  1956 | Zot      | Killed a hill giant
  1956 | Zot      | Reached skill level 5 in Charms
  1956 | Zot      | Reached skill level 10 in Necromancy
  1956 | Zot      | Reached XP level 12. HP: 88/100 MP: 22/26
  1968 | Zot      | Killed Snorg
  1968 | Zot      | Reached skill level 9 in Fighting
  2001 | Zot      | Killed a hill giant
  2029 | Zot      | Noticed Joseph
  2053 | Zot      | Killed Joseph
  2053 | Zot      | Reached skill level 6 in Charms
  2107 | Zot      | Your ally Joseph died
  2131 | Zot      | Got a fiery rune of Zot
  2189 | Zot      | Reached skill level 8 in Spellcasting
  2208 | Zot      | Reached skill level 10 in Fighting
  2226 | Zot      | Reached skill level 12 in Unarmed Combat
  2261 | Zot      | Reached skill level 11 in Necromancy
  2261 | Zot      | Reached XP level 13. HP: 81/109 MP: 25/28
  2327 | Zot      | Reached skill level 7 in Charms
  2360 | Zot      | Received a gift from Kikubaaqudgha
  2363 | Zot      | Identified Kikubaaqudgha's Incunabulum of Stolen Souls (Kikubaaqudgha gifted it to you in the Realm of Zot)
  2370 | Zot      | Learned a level 5 spell: Dispel Undead
  2376 | Zot      | Learned a level 5 spell: Twisted Resurrection
  2395 | Zot      | Reached skill level 2 in Dodging
  2423 | Zot      | Reached skill level 9 in Spellcasting
  2426 | Zot      | Noticed a white very ugly thing
  2456 | Zot      | Killed a white very ugly thing
  2456 | Zot      | Reached skill level 11 in Fighting
  2464 | Zot      | Reached skill level 3 in Dodging
  2468 | Zot      | Reached skill level 8 in Charms
  2496 | Zot      | Reached XP level 14. HP: 67/120 MP: 26/30
  2511 | Zot      | Noticed a green very ugly thing
  2512 | Zot      | Noticed a green very ugly thing
  2541 | Zot      | Reached skill level 4 in Dodging
  2549 | Zot      | Killed a cyan very ugly thing
  2559 | Zot      | Reached skill level 12 in Necromancy
  2579 | Zot      | Killed a purple very ugly thing
  2648 | Zot      | Acquired Kikubaaqudgha's third power
  2660 | Zot      | Reached skill level 5 in Dodging
  2714 | Zot      | Got an iron rune of Zot
  2740 | Zot      | Reached skill level 12 in Fighting
  2752 | Zot      | Reached skill level 10 in Spellcasting
  2752 | Zot      | Reached skill level 9 in Charms
  2805 | Zot      | Noticed Frances
  2847 | Zot      | Killed Frances
  2894 | Zot      | Reached XP level 15. HP: 57/127 MP: 12/32
  2927 | Zot      | Noticed Purgy
  2929 | Zot      | Reached skill level 6 in Dodging
  2937 | Zot      | Killed Purgy
  3336 | Zot      | Reached skill level 13 in Necromancy
  3531 | Zot      | Reached skill level 10 in Charms
  3539 | Zot      | Acquired Kikubaaqudgha's fourth power
  3543 | Zot      | Your ally Frances died
  3545 | Zot      | Reached skill level 7 in Dodging
  3717 | Zot      | Reached skill level 13 in Fighting
  3894 | Zot      | Reached XP level 16. HP: 142/142 MP: 33/33
  3920 | Zot      | Got a magical rune of Zot
  4001 | Zot      | Reached skill level 8 in Dodging
  4001 | Zot      | Reached skill level 11 in Spellcasting
  4125 | Zot      | Noticed Margery
  4176 | Zot      | Reached skill level 11 in Charms
  4206 | Zot      | Reached skill level 1 in Axes
  4210 | Zot      | Reached skill level 2 in Axes
  4214 | Zot      | Reached skill level 3 in Axes
  4217 | Zot      | Reached skill level 4 in Axes
  4220 | Zot      | Killed Margery
  4220 | Zot      | Reached skill level 5 in Axes
  4230 | Zot      | Reached skill level 6 in Axes
  4249 | Zot      | Reached XP level 17. HP: 22/149 MP: 7/34
  4321 | Zot      | Reached skill level 7 in Axes
  4341 | Zot      | Reached skill level 8 in Axes
  4405 | Zot      | Reached skill level 9 in Axes
  4423 | Zot      | Noticed Erolcha
  4444 | Zot      | Killed Erolcha
  4486 | Zot      | Reached skill level 10 in Axes
  4513 | Zot      | Your ally Erolcha died
  4535 | Zot      | Noticed Mara
  4538 | Zot      | Noticed hexophile's illusion
  4584 | Zot      | Killed hexophile's illusion
  4591 | Zot      | Noticed hexophile's illusion
  4668 | Zot      | Noticed hexophile's illusion
  4714 | Zot      | Demolished by Mara (illusionary)

Table legend:
 A = Turns spent in this place as a percentage of turns spent in the entire game.
 B = Non-inter-level travel turns spent in this place as a percentage of non-inter-level travel turns spent in the entire game.
 C = Inter-level travel turns spent in this place as a percentage of turns spent in this place.
 D = Turns resting spent in this place as a percentage of non-inter-level travel turns spent in this place.
 E = Turns spent auto-exploring this place as a percentage of non-inter-level travel turns spent in this place.
 F = Non-inter-level travel turns spent in this place divided by the number of levels of this place that you've seen.
                   A       B       C       D       E      F
               +-------+-------+-------+-------+-------+----------------------
         Total | 100.0 | 100.0 |   0.0 |   1.4 |   0.0 | 4682.0
           Zot | 100.0 | 100.0 |   0.0 |   1.4 |   0.0 | 4682.0
               +-------+-------+-------+-------+-------+----------------------

Table legend:
 A = Kills in this place as a percentage of kills in entire the game.
 B = Kills by you in this place as a percentage of kills by you in the entire game.
 C = Kills by friends in this place as a percentage of kills by friends in the entire game.
 D = Other kills in this place as a percentage of other kills in the entire game.
 E = Experience gained in this place as a percentage of experience gained in the entire game.
 F = Experience gained in this place divided by the number of levels of this place that you have seen.
                   A       B       C       D       E      F
               +-------+-------+-------+-------+-------+----------------------
         Total | 100.0 | 100.0 | 100.0 | 100.0 | 100.0 | 225298.0
           Zot | 100.0 | 100.0 | 100.0 | 100.0 | 100.0 | 225298.0
               +-------+-------+-------+-------+-------+----------------------

Vanquished Creatures
  A player illusion (Zot)
  Frances (Zot)
  A very ugly thing (Zot)
  3 eidola (Zot)
  A fire dragon (Zot)
  A hell knight (Zot)
  A fire crab (Zot)
  5 hill giants (Zot)
  A deep troll (shapeshifter) (Zot)
  A red wasp (Zot)
  3 ugly things (Zot)
  A wizard (Zot)
  2 wolf spiders (Zot)
  A yaktaur (shapeshifter) (Zot)
  A komodo dragon (Zot)
  Joseph (Zot)
  3 polar bears (Zot)
  3 yaktaurs (Zot)
  A freezing wraith (Zot)
  A merfolk (Zot)
  A deep elf priest (Zot)
  2 blink frogs (Zot)
  7 yaks (Zot)
  6 slime creatures (Zot)
  A jumping spider (Zot)
  2 ravens (Zot)
  2 two-headed ogres (Zot)
  A wind drake (Zot)
  A redback (Zot)
  A wraith (Zot)
  A deep elf mage (Zot)
  A tarantella (shapeshifter) (Zot)
  A trapdoor spider (Zot)
  3 wyverns (Zot)
  Purgy (Zot)
  6 vampires (Zot)
  5 vampire mosquitoes (Zot)
  A hungry ghost (Zot)
  4 wolves (Zot)
  Edmund (Zot)
  A water moccasin (Zot)
  A sky beast (Zot)
  6 black bears (Zot)
  An orc warrior (Zot)
  9 ogres (Zot)
  A phantom (Zot)
  2 giant frogs (Zot)
  2 gnoll sergeants (Zot)
  An insubstantial wisp (Zot)
  2 jellies (Zot)
  A killer bee (Zot)
  A goliath beetle (Zot)
  A giant frog zombie (Zot)
  3 orange rats (Zot)
  An orc priest (Zot)
  3 hounds (Zot)
  5 iguanas (Zot)
  Jessica (Zot)
  A gnoll (Zot)
  4 adders (Zot)
  10 green rats (Zot)
  A giant mite (Zot)
  A giant gecko (Zot)
  2 oozes (Zot)
  7 orcs (Zot)
  5 bats (Zot)
  15 goblins (Zot)
  2 hobgoblins (Zot)
  A jackal (Zot)
  3 quokkas (Zot)
  2 giant newts (Zot)
  5 kobolds (Zot)
  A kobold skeleton (Zot)
  An orc zombie (Zot)
  14 rats (Zot)
198 creatures vanquished.

Vanquished Creatures (collateral kills)
  Margery (Zot)
  A stone giant (Zot)
  11 very ugly things (Zot)
  Snorg (Zot)
  2 unseen horrors (Zot)
  3 ogre magi (Zot)
  7 centaur warriors (Zot)
  4 tengu warriors (Zot)
  13 hill giants (Zot)
  A deep elf knight (Zot)
  A fire crab (shapeshifter) (Zot)
  4 skeletal warriors (Zot)
  3 hell knights (Zot)
  Erolcha (Zot)
  An orb spider (shapeshifter) (Zot)
  A harpy (shapeshifter) (Zot)
  A hellion (Zot)
  4 wizards (Zot)
  2 orc knights (Zot)
  21 ugly things (Zot)
  An orc sorcerer (Zot)
  A queen ant (Zot)
  A fire giant zombie (Zot)
  2 blink frogs (Zot)
  An ironbrand convoker (Zot)
  3 manticores (Zot)
  A sphinx skeleton (Zot)
  3 necromancers (Zot)
  A moth of wrath (shapeshifter) (Zot)
  A water nymph (Zot)
  3 griffons (Zot)
  A fire giant skeleton (Zot)
  28 yaktaurs (Zot)
  A red wasp (Zot)
  A mermaid (Zot)
  A komodo dragon (shapeshifter) (Zot)
  Maurice (Zot)
  A steam dragon (Zot)
  2 orange demons (Zot)
  An octopode (shapeshifter) (Zot)
  An efreet (Zot)
  2 spiny frogs (Zot)
  A yaktaur zombie (Zot)
  2 raiju (shapeshifter) (Zot)
  A troll (Zot)
  5 tengu conjurers (Zot)
  3 yaktaur skeletons (Zot)
  2 yaktaurs (shapeshifter) (Zot)
  2 two-headed ogres (Zot)
  A catoblepas zombie (Zot)
  A tengu simulacrum (Zot)
  A jumping spider (Zot)
  A hellwing (Zot)
  A deep elf priest (Zot)
  2 wind drakes (shapeshifter) (Zot)
  3 merfolk (Zot)
  32 slime creatures (Zot)
  A baby alligator (shapeshifter) (Zot)
  2 wind drakes (Zot)
  2 deep elf magi (Zot)
  2 ettin zombies (Zot)
  A soldier ant (Zot)
  A deep troll zombie (Zot)
  A basilisk (Zot)
  10 ravens (Zot)
  A wyvern (Zot)
  5 vampires (Zot)
  A yak (shapeshifter) (Zot)
  A fire dragon skeleton (Zot)
  3 trapdoor spiders (Zot)
  9 redbacks (Zot)
  A fire bat (shapeshifter) (Zot)
  10 yaks (Zot)
  2 shadows (Zot)
  A tarantella (Zot)
  2 wraiths (Zot)
  A hippogriff (Zot)
  A deep elf fighter (Zot)
  A hill giant zombie (Zot)
  A neqoxec (Zot)
  2 nagas (Zot)
  2 golden eyes (shapeshifter) (Zot)
  A porcupine (Zot)
  4 wolves (Zot)
  4 hungry ghosts (Zot)
  15 vampire mosquitoes (Zot)
  A mottled dragon (Zot)
  2 human zombies (Zot)
  2 water moccasins (Zot)
  3 orc warriors (Zot)
  A black bear (Zot)
  A human skeleton (Zot)
  10 ogres (Zot)
  4 phantoms (Zot)
  2 boring beetles (Zot)
  A boggart (Zot)
  5 giant frogs (Zot)
  12 centaurs (Zot)
  2 crocodiles (Zot)
  A glowing shapeshifter simulacrum (Zot)
  An insubstantial wisp (Zot)
  2 scorpions (Zot)
  A troll zombie (Zot)
  A wight (Zot)
  8 killer bees (Zot)
  4 hounds (Zot)
  A crimson imp (Zot)
  An elf zombie (Zot)
  2 orc wizards (Zot)
  A gnoll shaman (Zot)
  An orc priest (Zot)
  3 worker ants (Zot)
  2 iguanas (Zot)
  A killer bee zombie (Zot)
  2 orange rats (Zot)
  A sheep (Zot)
  A crocodile zombie (Zot)
  A spectral worker ant (Zot)
  5 green rats (Zot)
  5 gnolls (Zot)
  6 adders (Zot)
  4 shadow imps (Zot)
  13 orcs (Zot)
  2 ball pythons (Zot)
  6 goblins (Zot)
  A hobgoblin (Zot)
  3 jackals (Zot)
  3 kobolds (Zot)
  2 quokkas (Zot)
  7 bats (Zot)
  A giant spore (Zot)
  A goblin zombie (Zot)
  5 orc zombies (Zot)
  5 rats (Zot)
  3 butterflies (Zot)
440 creatures vanquished.

Vanquished Creatures (others)
  4 very ugly thing zombies (Zot)
  4 large abominations (Zot)
  3 storm dragon zombies (Zot)
  A hell knight (Zot)
  2 sphinx zombies (Zot)
  7 tengu zombies (Zot)
  A shadow dragon zombie (Zot)
  2 fire giant zombies (Zot)
  3 wolf spider zombies (Zot)
  4 ugly thing zombies (Zot)
  3 stone giant zombies (Zot)
  2 frost giant zombies (Zot)
  A fire giant skeleton (Zot)
  8 centaur zombies (Zot)
  A yaktaur (Zot)
  6 redback zombies (Zot)
  6 hydra zombies (Zot)
  2 ettin zombies (Zot)
  8 deep troll zombies (Zot)
  3 fire dragon zombies (Zot)
  A jumping spider zombie (Zot)
  A tarantella zombie (Zot)
  2 griffon zombies (Zot)
  8 hill giant zombies (Zot)
  A wind drake zombie (Zot)
  8 elf zombies (Zot)
  A queen ant zombie (Zot)
  6 raven zombies (Zot)
  8 ogre zombies (Zot)
  3 merfolk zombies (Zot)
  A water nymph zombie (Zot)
  4 small abominations (Zot)
  A spiny frog zombie (Zot)
  A komodo dragon zombie (Zot)
  3 blink frog zombies (Zot)
  A manticore zombie (Zot)
  A crocodile (Zot)
  6 vampire mosquito zombies (Zot)
  25 yaktaur zombies (Zot)
  3 cyclops zombies (Zot)
  2 water moccasin zombies (Zot)
  A troll zombie (Zot)
  4 yak zombies (Zot)
  A hippogriff zombie (Zot)
  4 wolf zombies (Zot)
  A black bear zombie (Zot)
  2 two-headed ogre zombies (Zot)
  A basilisk zombie (Zot)
  3 giant frog zombies (Zot)
  A steam dragon zombie (Zot)
  7 human zombies (Zot)
  A porcupine zombie (Zot)
  6 killer bee zombies (Zot)
  2 crocodile zombies (Zot)
  A naga zombie (Zot)
  A sky beast zombie (Zot)
  5 hound zombies (Zot)
  2 orange rat zombies (Zot)
  2 worker ant zombies (Zot)
  2 scorpion zombies (Zot)
  A goliath beetle zombie (Zot)
  3 adder zombies (Zot)
  2 iguana zombies (Zot)
  A sheep zombie (Zot)
  A bat skeleton (Zot)
  5 bat zombies (Zot)
  A giant mite zombie (Zot)
  6 gnoll zombies (Zot)
  2 ball python zombies (Zot)
  A giant newt zombie (Zot)
  3 giant spores (Zot)
  8 goblin zombies (Zot)
  7 green rat zombies (Zot)
  3 jackal zombies (Zot)
  A kobold skeleton (Zot)
  3 kobold zombies (Zot)
  19 orc zombies (Zot)
  A quokka zombie (Zot)
  13 rat zombies (Zot)
  A crawling corpse (Zot)
  A macabre mass (Zot)
288 creatures vanquished.

Grand Total: 926 creatures vanquished
